 Dungeon Crawl Stone Soup version 0.26-a0-682-g294304f6e8 (webtiles) character file.

Game seed: 11532660429678774354

13181 DogServant the Cleaver (level 12, -2/88 HPs)
             Began as a Formicid Fighter on Oct 21, 2020.
             Was a High Priest of Uskayaw.
             Slain by a 12-headed hydra (3 damage)
             ... on level 12 of the Dungeon.
             The game lasted 00:14:39 (13418 turns).

DogServant the Cleaver (Formicid Fighter)          Turns: 13418, Time: 00:14:40

Health: -2/88      AC: 14    Str: 25    XL:     12   Next: 29%
Magic:  18/18      EV: 11    Int: 11    God:    Uskayaw [*****.]
Gold:   634        SH: 12    Dex: 10    Spells: 11/11 levels left

rFire    . . .     SeeInvis +   a - +0 war axe
rCold    . . .     Faith    .   c - +0 kite shield
rNeg     . . .     Spirit   .   y - +0 plate armour
rPois    .         Reflect  .   (helmet unavailable)
rElec    .         Harm     .   (no cloak)
rCorr    .         Rampage  .   (no gloves)
MR       +....                  s - +0 pair of boots
Stlth    ..........             (no amulet)
HPRegen  0.24/turn              e - +4 ring of slaying
MPRegen  0.16/turn              o - +4 ring of evasion

@: no status effects
A: permanent stasis, dig shafts and tunnels, four strong arms, antennae 3,
clever 1, MP-powered wands
a: Dig, Shaft Self, Stomp, Line Pass, Grand Finale, Renounce Religion


You were on level 12 of the Dungeon.
You worshipped Uskayaw.
Uskayaw was aware of your devotion.
You visited 2 branches of the dungeon, and saw 13 of its levels.

You collected 634 gold pieces.

Inventory:

Hand Weapons
 a - a +0 war axe (weapon)
 f - a +0 battleaxe
Missiles
 g - 28 poisoned darts (quivered)
Armour
 b - a +0 scale mail
 c - a +0 kite shield (worn)
 m - a +1 scale mail of fire resistance
 s - a +0 pair of boots (worn)
 y - a +0 plate armour (worn)
Jewellery
 e - a +4 ring of slaying (left hand)
 o - a +4 ring of evasion (right hand)
Wands
 n - a wand of flame (17)
 r - a wand of disintegration (3)
 B - a wand of enslavement (6)
Scrolls
 h - a scroll of fear
 i - 5 scrolls of remove curse
 j - a scroll of magic mapping
 k - 8 scrolls of teleportation
 p - 2 scrolls of enchant weapon
 q - 3 scrolls of random uselessness
 t - 6 scrolls of enchant armour
 u - 2 scrolls of identify
 v - 2 scrolls of fog
 x - a scroll of amnesia
 A - a scroll of blinking {unknown}
Potions
 d - a potion of haste {unknown}
 l - a potion of degeneration
 w - 2 potions of brilliance
 z - a potion of flight
 C - 2 potions of curing
 D - a potion of invisibility


   Skills:
 - Level 6.0 Fighting
 + Level 13.4 Axes
 + Level 7.7 Armour
 - Level 10.0 Shields
 + Level 8.5 Invocations


You had 11 spell levels left.
You didn't know any spells.
Your spell library contained the following spells:

 Spells                   Type           Power        Failure   Level
 Corona                   Hex            #......      99%         1
 Foxfire                  Conj/Fire      #...         99%         1
 Sting                    Tmut/Pois      #...         99%         1
 Ensorcelled Hibernation  Hex/Ice        #.....       99%         2
 Poisonous Vapours        Pois/Air       #.....       99%         2
 Confusing Touch          Hex            #.......     100%        3
 Conjure Flame            Conj/Fire      #.......     100%        3
 Dazzling Flash           Conj/Hex       #.....       100%        3
 Ignite Poison            Fire/Tmut/Pois #.......     100%        3
 Inner Flame              Hex/Fire       #.......     100%        3
 Mephitic Cloud           Conj/Pois/Air  #.......     100%        3
 Tukima's Dance           Hex            #.......     100%        3
 Olgreb's Toxic Radiance  Pois           #.......     100%        4
 Sticky Flame             Conj/Fire      #.......     100%        4
 Fireball                 Conj/Fire      #.........   100%        5


Dungeon Overview and Level Annotations

Branches:
Dungeon (12/15)            Temple (1/1) D:5            Lair (0/6) D:11
    Orc: D:9-12

Altars:
Ashenzari
Cheibriados
Dithmenos
Elyvilon
Fedhas
Gozag
Hepliaklqana
Kikubaaqudgha
Makhleb
Nemelex Xobeh
Okawaru
Qazlal
Ru
Sif Muna
Trog
Uskayaw
Vehumet
Wu Jian
Xom
Yredelemnul
Zin
The Shining One

Annotations:
D:8 Erica
D:12 1 runed translucent door


Innate Abilities, Weirdness & Mutations

You cannot be hasted, slowed, berserked, paralysed or teleported.
You can dig through walls and to a lower floor.
Your four strong arms can wield two-handed weapons with a shield.
You have a pair of large antennae on your head. (SInv)
Your mind is acute. (Int +2)
You expend magic power (3 MP) to strengthen your wands.


Message History

The 12-headed hydra is moderately wounded.
The 12-headed hydra bites you!
* * * LOW HITPOINT WARNING * * *
The 12-headed hydra bites you.
* * * LOW HITPOINT WARNING * * *
You block the 12-headed hydra's attack. x2; The 12-headed hydra bites you.
* * * LOW HITPOINT WARNING * * *
You block the 12-headed hydra's attack. x2; The 12-headed hydra bites you.
* * * LOW HITPOINT WARNING * * *
The 12-headed hydra bites you but does no damage.
The 12-headed hydra barely misses you. The 12-headed hydra bites you.
* * * LOW HITPOINT WARNING * * *
The 12-headed hydra bites you.
* * * LOW HITPOINT WARNING * * *
Okay, then.
As you read the scroll of fear, it crumbles to dust.
You assume a fearsome visage.
The 12-headed hydra resists with almost no effort.
The 12-headed hydra bites you.
You die...

...........######...
....................
...####.####........
######8.8# ####..... {
##...##'##{ ##.... .._..#.#
####. ..†##.## ## {
#D##...##+# { { #
##@†.......## {{{ # #####
+#..###+###..#+{ {## ##...##
##..###...###..##{##.
#.....###..##.......##..###..
#.._.††††...'..._...†....')).
#.....###..##.......##..###).
##...##.##..###...###..##.##.
#####..††#..###+###..#††..##
#.†.###.......†.###†_.##


You could see a 12-headed hydra.

Vanquished Creatures
  4 two-headed ogres
  Sonja (D:10)
  Pikel (D:7)
  An ugly thing (D:11)
  Joseph (D:10)
  Maggie (D:7)
  A komodo dragon (D:11)
  A shadow (D:12)
  2 wraiths (D:12)
  7 fire bats (D:12)
  A basilisk (D:12)
  3 yaks (D:12)
  Menkaure (D:5)
  5 orc warriors
  2 sky beasts
  An ice beast (D:5)
  11 centaurs
  2 ogres (D:6)
  A lemure (D:7)
  Blork the orc (D:5)
  7 bullfrogs
  11 scorpions
  2 wyvern skeletons
  25 killer bees
  A howler monkey (D:6)
  9 wights
  A crimson imp (D:6)
  2 bullfrog zombies (D:11)
  A centaur zombie (D:8)
  3 jellies
  5 orc priests
  6 hounds
  12 orc wizards
  Jessica (D:2)
  A bullfrog skeleton (D:9)
  4 iguanas
  13 worker ants
  A worker ant zombie (D:6)
  A howler monkey skeleton (D:4)
  7 gnolls
  19 adders
  2 shadow imps
  3 ufetubi (D:6)
  An ooze (D:2)
  4 worms
  2 dart slugs
  4 leopard geckos
  35 orcs
  6 giant cockroaches
  10 goblins
  6 hobgoblins
  16 jackals
  3 quokkas
  3 ball pythons
  66 bats
  15 frilled lizards
  2 goblin zombies (D:6)
  2 hobgoblin zombies (D:6)
  3 kobolds
  A kobold skeleton (D:6)
  A leopard gecko skeleton (D:8)
  A leopard gecko zombie (D:5)
  2 orc zombies (D:6)
  9 rats
377 creatures vanquished.

Vanquished Creatures (others)
  8 fungi (D:5)
  4 plants (D:11)
12 creatures vanquished.

Grand Total: 389 creatures vanquished

Notes
Turn   | Place    | Note
-------+----------+-------------------------------------------
     0 | D:1      | DogServant the Formicid Fighter began the quest for the
                  | Orb.
     0 | D:1      | Reached XP level 1. HP: 18/18 MP: 1/1
   115 | D:1      | Reached XP level 2. HP: 18/24 MP: 2/2
   338 | D:1      | Reached XP level 3. HP: 26/30 MP: 3/3
   684 | D:1      | Reached skill level 3 in Axes
  1119 | D:2      | Reached XP level 4. HP: 30/37 MP: 4/4
  1247 | D:2      | Found a bloodstained altar of Trog.
  1247 | D:2      | Found a stormy altar of Qazlal.
  1248 | D:2      | Found an iron altar of Okawaru.
  1952 | D:2      | Found a shadowy altar of Dithmenos.
  2166 | D:2      | Noticed Jessica
  2173 | D:2      | Killed Jessica
  2173 | D:2      | Reached XP level 5. HP: 36/43 MP: 5/5
  2369 | D:3      | Reached skill level 5 in Fighting
  2383 | D:3      | Reached skill level 4 in Axes
  2541 | D:3      | Reached XP level 6. HP: 46/51 MP: 6/6
  3626 | D:4      | Reached skill level 5 in Axes
  3670 | D:4      | Reached XP level 7. HP: 50/56 MP: 7/7
  3838 | D:5      | Entered Level 5 of the Dungeon
  3844 | D:5      | Reached skill level 5 in Shields
  4274 | D:5      | Found a staircase to the Ecumenical Temple.
  4284 | Temple   | Entered the Ecumenical Temple
  4295 | Temple   | Became a worshipper of Uskayaw the Reveler
  4511 | D:5      | Noticed Blork the orc
  4516 | D:5      | Reached * piety under Uskayaw
  4523 | D:5      | Killed Blork the orc
  4523 | D:5      | Reached skill level 6 in Axes
  4523 | D:5      | Reached XP level 8. HP: 53/63 MP: 8/8
  4585 | D:5      | Reached ** piety under Uskayaw
  4807 | D:5      | Noticed Menkaure
  4814 | D:5      | Gained mutation: You expend magic power (3 MP) to
                  | strengthen your wands. [potion of mutation]
  4814 | D:5      | Gained mutation: Your mind is acute. (Int +2) [potion of
                  | mutation]
  4818 | D:5      | Killed Menkaure
  5470 | D:5      | Reached skill level 7 in Axes
  5471 | D:5      | Reached *** piety under Uskayaw
  5522 | D:5      | Found the +7 Singing Sword {vorpal, sonic wave}
  5623 | D:6      | Reached **** piety under Uskayaw
  5626 | D:6      | Reached XP level 9. HP: 58/68 MP: 9/9
  5756 | D:6      | Found an ornate altar of the Wu Jian Council.
  5777 | D:6      | Found a glowing golden altar of the Shining One.
  5854 | D:6      | Reached skill level 8 in Axes
  5868 | D:6      | Reached ***** piety under Uskayaw
  5884 | D:6      | Reached ****** piety under Uskayaw
  6395 | D:7      | Noticed Pikel
  6402 | D:7      | Killed Pikel
  6402 | D:7      | Reached skill level 9 in Axes
  6402 | D:7      | Reached skill level 10 in Shields
  6410 | D:7      | Reached XP level 10. HP: 17/74 MP: 10/10
  6819 | D:7      | Reached skill level 5 in Armour
  7129 | D:7      | Noticed Maggie
  7146 | D:7      | Killed Maggie
  7387 | D:7      | Reached skill level 10 in Axes
  7680 | D:8      | Noticed Erica
  8219 | D:9      | Noticed a two-headed ogre
  8236 | D:9      | Killed a two-headed ogre
  8598 | D:9      | Reached skill level 11 in Axes
  8889 | D:8      | Found an opulent altar of Gozag.
  9287 | D:9      | Found a shimmering blue altar of Sif Muna.
  9377 | D:10     | Entered Level 10 of the Dungeon
  9395 | D:10     | Noticed a two-headed ogre
  9406 | D:10     | Killed a two-headed ogre
  9503 | D:10     | Noticed Sonja
  9507 | D:10     | Killed Sonja
  9507 | D:10     | Reached XP level 11. HP: 74/81 MP: 1/12
  9620 | D:10     | Reached skill level 12 in Axes
  9621 | D:10     | Noticed Joseph
  9640 | D:10     | Killed Joseph
 10051 | D:10     | Noticed a two-headed ogre
 10057 | D:10     | Killed a two-headed ogre
 10057 | D:10     | Reached skill level 5 in Invocations
 10478 | D:11     | Found a staircase to the Lair.
 11315 | D:11     | Noticed a purple ugly thing
 11329 | D:11     | Killed a purple ugly thing
 11446 | D:11     | Reached skill level 13 in Axes
 11934 | D:12     | Noticed a two-headed ogre
 11944 | D:12     | Killed a two-headed ogre
 11944 | D:12     | Reached XP level 12. HP: 73/88 MP: 11/17
 12108 | D:12     | Noticed a five-headed hydra
 12122 | D:12     | HP: 4/88 [five-headed hydra (10)]
 12610 | D:12     | Found a runed translucent door.
 12966 | D:12     | Found a sacrificial altar of Ru.
 12994 | D:12     | Found a bloodstained altar of Trog.
 13009 | D:12     | Found an iron altar of Okawaru.
 13300 | D:12     | Found a burning altar of Makhleb.
 13399 | D:12     | Found a basalt altar of Yredelemnul.
 13399 | D:12     | Noticed a five-headed hydra
 13417 | D:12     | HP: 1/88 [12-headed hydra (5)]
 13418 | D:12     | Slain by a 12-headed hydra

Illustrated notes

Levels and vault maps discovered:
D:1:      wander_arrival_abandoned_jail, layout_loops_ring, minmay_lizard_pond
D:2:      layout_loops_corners, grunt_dithmenos_smoke,
          gammafunk_temple_overflow_claw, minmay_door_square, uniq_jessica
D:3:      layout_basic
D:4:      layout_basic
D:5:      old_forge, layout_basic, minmay_temple_entry_slanted,
          uniq_blork_the_orc, uniq_menkaure
D:6:      cheibrodos_helix_gallery, layout_cave_pools,
          nicolae_tso_besieged_by_evil, kennysheep_mini
D:7:      layout_rooms, uniq_maggie, uniq_pikel
D:8:      layout_basic, nicolae_gozag_seed_capital, uniq_erica
D:9:      layout_loops_ring, lemuel_coloured_pillars_altar
D:10:     layout_long_grid, uniq_joseph, uniq_sonja
D:11:     layout_long_grid, david_lair_shrubbed
D:12:     due_megacathedral, layout_irregular_city, orc_0_dummy, uniq_kirke
Temple:   eino_temple_water

Skill      XL: |  1  2  3  4  5  6  7  8  9 10 11 12 |
---------------+-------------------------------------+-----
Fighting       | 4 5 6 |  6.0
Axes           | 3 4 5 6 7 9 11 13 | 13.4
Shields        | 4 6 8 10 | 10.0
Armour         | 4 6 7 |  7.7
Invocations    | 2 7 8 |  8.5

Action                   |  1- 3 |  4- 6 |  7- 9 | 10-12 || total
-------------------------+-------+-------+-------+-------++-------
Melee: War axe           |    99 |   167 |   224 |   494 ||   984
Throw: Dart              |       |       |       |     6 ||     6
       Throwing net      |       |       |       |     1 ||     1
Evoke: Wand              |       |       |       |    10 ||    10
  Use: Scroll            |       |     3 |       |    15 ||    18
       Potion            |       |       |     3 |     2 ||     5
 Stab: Paralysed         |       |       |    10 |    51 ||    61
       Held in net/web   |       |       |     2 |     1 ||     3
Armor: Scale mail        |    48 |    59 |    73 |    47 ||   227
       Plate armour      |       |       |       |   115 ||   115
Dodge: Dodged            |    34 |    47 |    77 |   204 ||   362
Block: Kite shield       |    49 |    91 |   118 |   305 ||   563

Table legend: (Time is in decaauts)
 A = Elapsed time spent in this place.
 B = Non-inter-level travel time spent in this place.
 C = Inter-level travel time spent in this place.
 D = Time resting spent in this place.
 E = Time spent auto-exploring this place.
 F = Levels seen in this place.
 G = Mean time per level.
                   A        B        C        D        E       F      G
               +--------+--------+--------+--------+--------+-----+--------+
         Total |  13509 |  13059 |    450 |   2697 |   8290 |  13 | 1039.2 |
       Dungeon |  13284 |  12854 |    430 |   2697 |   8089 |  12 | 1107.0 |
        Temple |    224 |    204 |     20 |      0 |    201 |   1 |  224.0 |
               +--------+--------+--------+--------+--------+-----+--------+

Top non-repeatable levels by time:
     D:5: 1610 daAuts
    D:12: 1557 daAuts
    D:11: 1363 daAuts
     D:2: 1294 daAuts
     D:7: 1221 daAuts
     D:6: 1207 daAuts
    D:10: 1067 daAuts
     D:1: 1034 daAuts
     D:9: 1001 daAuts
     D:3: 970 daAuts
     D:4: 692 daAuts
     D:8: 263 daAuts
  Temple: 224 daAuts
